 Dungeon Crawl Stone Soup version 0.29-a0-284-gf9362112df (webtiles) character file.

Game seed: 17723164815736562884

21647 avis the Brawler (level 12, 0/110 HPs)
             Began as a Hill Orc Monk on Mar 24, 2022.
             Was a High Priest of Beogh.
             Slain by a komodo dragon simulacrum (13 damage)
             ... in an ice cave on Mar 25, 2022.
             The game lasted 01:36:48 (17354 turns).

avis the Brawler (Hill Orc Monk)                   Turns: 17354, Time: 01:36:48

Health: 0/110      AC: 16    Str: 30    XL:     12   Next: 92%
Magic:  15/15      EV: 30    Int: 15    God:    Beogh [*****.]
Gold:   928        SH:  0    Dex: 13    Spells: 4/15 levels left

rFire   + + .      SeeInvis .     - Unarmed
rCold   + . .      Faith    .   (no shield)
rNeg    . . .      Spirit   .   v - +0 steam dragon scales
rPois   +          Reflect  .   q - +0 helmet {Int+3}
rElec   +          Harm     .   D - +0 cloak
rCorr   +          Rampage  .   (no gloves)
Will    .....                   g - +0 pair of boots
Stlth   +.........              y - amulet of the acrobat
HPRegen 0.28/turn               u - ring of Qaenluic {Wiz rF+ Str+7}
MPRegen 0.14/turn               T - +6 ring of strength

@: confused, ice-armoured, resistant, ambrosia-drunk, acrobatic
A: walk on water
a: Renounce Religion, Smiting, Recall Orcish Followers, Give Item to Named
Follower


You were in an ice cave.
You worshipped Beogh.
Beogh was extremely pleased with you.
You visited 3 branches of the dungeon, and saw 13 of its levels.
You also visited: Ice Cave.

You collected 1252 gold pieces.
You spent 324 gold pieces at shops.

Inventory:

Hand Weapons
 a - the +12 glaive "Jyfuvo" {venom, *Slow rPois rF- rN+++}
   (You found it on level 2 of the Dungeon)

   It poisons the flesh of those it strikes.
   rF:        It makes you vulnerable to fire.
   rPois:     It protects you from poison.
   rN:        It renders you almost immune to negative energy.
   *Slow:     It may slow you when you take damage.
 e - a +0 trident
 k - a +1 vorpal hand axe
Armour
 c - an orb of mayhem
 g - a +0 pair of boots (worn)
 q - a +0 helmet of intelligence (worn)
 v - +0 steam dragon scales (worn)
 D - a +0 cloak (worn)
Jewellery
 j - a +6 ring of intelligence
 u - the ring of Qaenluic (left hand) {Wiz rF+ Str+7}
   (You took it off a goblin on level 3 of the Dungeon)

   [ring of wizardry]

   It improves your spell success rate.
   Str:       It affects your strength (+7).
   rF:        It protects you from fire.
 y - an amulet of the acrobat (around neck)
 T - a +6 ring of strength (right hand)
Wands
 r - a wand of flame (34)
 z - a wand of acid (1)
 N - a wand of iceblast (3)
Scrolls
 o - 2 scrolls of blinking
 x - 3 scrolls of teleportation
 P - 2 scrolls of vulnerability
 Q - 2 scrolls of fear
 R - 2 scrolls of noise
Potions
 b - a potion of ambrosia
 d - 2 potions of might
 f - 2 potions of curing
 h - a potion of haste
 i - a potion of resistance
 p - a potion of mutation {unknown}
 F - 2 potions of lignification
 H - 2 potions of cancellation
 L - 3 potions of brilliance
 O - a potion of invisibility {unknown}


   Skills:
 * Level 11.5 Fighting
 - Level 8.0 Armour
 - Level 7.0 Dodging
 - Level 1.5 Stealth
 - Level 15.0 Unarmed Combat
 - Level 2.0 Spellcasting
 - Level 4.0 Transmutations
 - Level 3.0 Ice Magic
 - Level 2.0 Poison Magic
 - Level 5.0 Invocations


You had 4 spell levels left.
You knew the following spells:

 Your Spells              Type           Power      Damage    Failure   Level
a - Beastly Appendage     Tmut           26%        N/A       1%          1
c - Passwall              Tmut/Erth      5%         N/A       6%          2
e - Wereblood             Tmut           13%        N/A       2%          2
o - Ozocubu's Armour      Ice            10%        N/A       8%          3
p - Spider Form           Tmut/Pois      10%        N/A       8%          3

Your spell library contained the following spells:

 Spells                   Type           Power      Damage    Failure   Level
 Magic Dart               Conj           4%         1d3       9%          1
 Sandblast                Erth           2%         2d4       9%          1
 Shock                    Conj/Air       4%         1d3       9%          1
 Ignite Poison            Fire/Tmut/Pois 7%         N/A       12%         3
 Call Imp                 Summ           1%         N/A       13%         2
 Mephitic Cloud           Conj/Pois/Air  3%         N/A       21%         3
 Call Canine Familiar     Summ           1%         N/A       26%         3
 Portal Projectile        Hex/Tloc       2%         N/A       26%         3
 Stone Arrow              Conj/Erth      2%         3d7       26%         3
 Swiftness                Air            1%         N/A       26%         3
 Airstrike                Air            0%         N/A       61%         4
 Fulminant Prism          Conj/Hex       0%         3d6       61%         4
 Iskenderun's Mystic Bla  Conj/Tloc      1%         2d3       61%         4
 Leda's Liquefaction      Hex/Erth       0%         N/A       61%         4
 Metabolic Englaciation   Hex/Ice        3%         N/A       75%         5
 Freezing Cloud           Conj/Ice/Air   2%         6-21      82%         5
 Lee's Rapid Deconstruct  Erth           0%         3d5*      91%         5
 Simulacrum               Ice/Necr       3%         N/A       99%         6
 Statue Form              Tmut/Erth      4%         N/A       99%         6


Dungeon Overview and Level Annotations

Branches:
Dungeon (9/15)             Temple (1/1) D:5            Lair (3/6) D:9
 Shoals (0/4) Lair:2        IceCv (1/1)
  Snake: Lair:2-4    Spider: Lair:2-4       Orc: D:9-12

Altars:
Ashenzari
Cheibriados
Elyvilon
Fedhas
Gozag
Makhleb
Nemelex Xobeh
Okawaru
Ru
Trog
Wu Jian
Zin
The Shining One

Shops:
D:1 [   D:2 :   D:8 *[

Annotations:
D:2 deep water retreat
D:4 2 transporters


Message History

Your icy armour cracks and falls away as you move.
What are your orders? t - Shout!
Orders for allies: a - Attack new target. p - Attack previous target. r - Retreat! s - Stop attacking. g - Guard the area. f - Follow me.
Anything else - Cancel.
Follow me!
Found a stone staircase leading down.
There is a frozen archway here.
The world spins around you as you enter the gateway.
You enter an ice cave!
Found an ice covered gate leading back out of this place.
There is an ice choked empty arch of ancient stone here.
Casting: Ozocubu's Armour (mildly dangerous; 8% risk of failure)
Confirm with . or Enter, or press ? or * to list all spells.
A film of ice covers your body!
Okay, then.
Okay, then.
Okay, then.
You feel protected.
You hit the komodo dragon simulacrum but do no damage.
You hit the komodo dragon simulacrum but do no damage.
The komodo dragon simulacrum bites you.
* * * LOW HITPOINT WARNING * * *
The komodo dragon simulacrum freezes you.
You resist.
* * * LOW HITPOINT WARNING * * *
You are confused.
You feel invigorated. The komodo dragon simulacrum bites you!
* * * LOW HITPOINT WARNING * * *
The komodo dragon simulacrum freezes you!
You resist.
* * * LOW HITPOINT WARNING * * *
The komodo dragon simulacrum misses you.
The komodo dragon simulacrum bites you but does no damage.
The komodo dragon simulacrum misses you.
The komodo dragon simulacrum misses you.
The komodo dragon simulacrum bites you!
You die...

#### ##..##
##....###
#.......##..
#.∩.∩.......
#...Z......#
##..Z.##....
##@Z## ##.
####


You could see 2 komodo dragon simulacra and a lindwurm simulacrum.

Vanquished Creatures
  2 hydras (Lair:2)
  A boulder beetle (Lair:2)
  A two-headed ogre (D:8)
  A death yak (Lair:2)
  3 black mambas (Lair:2)
  4 rime drakes
  2 cane toads
  4 komodo dragons
  A troll (D:9)
  3 polar bears (Lair:2)
  6 blink frogs (Lair:2)
  4 wyverns
  Sigmund (D:3)
  6 yaks
  2 basilisks (D:9)
  3 steam dragons
  An acid dragon (D:8)
  7 water moccasins
  A black bear (D:7)
  9 wolves
  2 centaurs
  An ogre (D:4)
  A phantom (D:5)
  A gnoll sergeant (D:8)
  9 bullfrogs
  6 wights
  6 killer bees
  2 electric eels (D:8)
  3 howler monkeys
  A crimson imp (D:7)
  A jelly (D:7)
  4 orc priests (D:5)
  Crazy Yiuf (D:3)
  3 hounds
  Jessica (D:2)
  Natasha (thrice) (D:4)
  2 iguanas
  10 orc wizards
  3 hell rats (Lair:2)
  Robin (D:3)
  3 gnolls (D:4)
  5 adders
  5 river rats (Lair:2)
  A white imp (D:8)
  An ufetubus (D:7)
  A worm (D:3)
  13 orcs
  7 ball pythons
  6 endoplasms
  3 giant cockroaches
  10 goblins
  10 hobgoblins
  9 jackals
  4 kobolds
  4 quokkas
  4 bats
  6 frilled lizards
  5 rats
220 creatures vanquished.

Vanquished Creatures (collateral kills)
  4 death yaks (Lair:2)
  An elephant (D:9)
  6 black mambas
  4 cane toads (Lair:1)
  2 rime drakes (Lair:3)
  4 komodo dragons (Lair:2)
  Grinder (D:6)
  2 blink frogs (Lair:2)
  A wyvern (D:7)
  5 yaks
  2 basilisks (Lair:2)
  A steam dragon (D:7)
  5 water moccasins
  An orc warrior (D:9)
  2 ice beasts
  4 wolves (Lair:3)
  A centaur (D:8)
  5 bullfrogs
  A necrophage (D:6)
  A gnoll sergeant (D:7)
  8 wights
  A killer bee (D:8)
  2 orc priests
  A gnoll shaman (D:8)
  A hound (D:7)
  An iguana (D:6)
  A hell rat (Lair:2)
  2 orc wizards (D:9)
  An adder (D:5)
  A river rat (Lair:2)
  A shadow imp (D:8)
  6 orcs
  A rat (Lair:2)
80 creatures vanquished.

Vanquished Creatures (others)
  An orc warrior (D:7)
  2 howler monkeys (D:8)
  An orc priest (D:9)
  4 orc wizards
  13 orcs
  12 fungi
  56 plants
89 creatures vanquished.

Grand Total: 389 creatures vanquished

Notes
Turn   | Place    | Note
-------+----------+-------------------------------------------
     0 | D:1      | avis the Hill Orc Monk began the quest for the Orb.
     0 | D:1      | Reached XP level 1. HP: 19/19 MP: 1/1
   123 | D:1      | Reached XP level 2. HP: 16/26 MP: 2/2
   129 | D:1      | Reached skill level 4 in Unarmed Combat
   991 | D:1      | Reached XP level 3. HP: 30/31 MP: 3/3
  1042 | D:1      | Found Hekhlerir's Armour Boutique.
  1305 | D:2      | You fall into a shaft and drop 1 floor!
  1402 | D:3      | Noticed Sigmund
  1410 | D:2      | Noticed Jessica
  1513 | D:2      | Killed Jessica
  1514 | D:2      | Reached skill level 5 in Unarmed Combat
  1514 | D:2      | Reached XP level 4. HP: 36/39 MP: 4/4
  1791 | D:2      | Found Gomaake's Book Boutique.
  1876 | D:2      | Identified the +12 glaive "Jyfuvo" {venom, *Slow rPois rF-
                  | rN+++}
  2274 | D:1      | Bought a +0 helmet of intelligence for 126 gold pieces
  2369 | D:3      | Became a worshipper of Beogh the Brigand
  2369 | D:3      | Reached * piety under Beogh
  2369 | D:3      | Reached ** piety under Beogh
  2432 | D:3      | Killed Sigmund
  2433 | D:3      | Reached skill level 6 in Unarmed Combat
  2433 | D:3      | Reached skill level 5 in Fighting
  2433 | D:3      | Reached XP level 5. HP: 47/50 MP: 5/5
  2433 | D:3      | Reached XP level 6. HP: 54/57 MP: 6/6
  2444 | D:3      | Noticed Robin
  2450 | D:3      | Killed Robin
  2500 | D:3      | Identified the ring of Qaenluic {Wiz rF+ Str+7}
  2585 | D:3      | Found a faded altar of an unknown god.
  3288 | D:3      | Found a runed translucent door.
  3289 | D:3      | Noticed Crazy Yiuf
  3299 | D:3      | Killed Crazy Yiuf
  3722 | D:4      | Found a sacrificial altar of Ru.
  3793 | D:4      | Found a white marble altar of Elyvilon.
  3816 | D:4      | Noticed Natasha
  3823 | D:4      | Killed Natasha
  3846 | D:4      | Found a transporter.
  3850 | D:4      | Found a transporter.
  3960 | D:4      | Reached XP level 7. HP: 55/66 MP: 7/7
  3978 | D:4      | Reached skill level 1 in Invocations
  4485 | D:4      | Noticed Natasha
  4496 | D:4      | Killed Natasha
  4504 | D:4      | Found an iron altar of Okawaru.
  4532 | D:4      | Noticed Natasha
  4535 | D:4      | Killed Natasha
  4559 | D:4      | Noticed an angel
  4560 | D:4      | Found a glowing silver altar of Zin.
  4801 | D:5      | Entered Level 5 of the Dungeon
  4847 | D:5      | Reached *** piety under Beogh
  4854 | D:5      | Reached XP level 8. HP: 68/78 MP: 10/10
  5267 | D:5      | Found a staircase to the Ecumenical Temple.
  5273 | D:5      | Reached skill level 10 in Fighting
  5278 | Temple   | Entered the Ecumenical Temple
  5384 | D:2      | Bought a book of Changes for 198 gold pieces
  5479 | Temple   | Learned a level 1 spell: Beastly Appendage
  5483 | Temple   | Learned a level 3 spell: Spider Form
  5486 | Temple   | Learned a level 2 spell: Wereblood
  5844 | D:5      | Found Ruock's Serpentskin Sales.
  5846 | D:5      | Gained Oruk as an ally
  5847 | D:5      | Reached skill level 1 in Transmutations
  5848 | D:5      | Reached skill level 1 in Spellcasting
  5884 | D:5      | Reached skill level 1 in Poison Magic
  6259 | D:6      | Found a snail-covered altar of Cheibriados.
  6360 | D:6      | Noticed Grinder
  6365 | D:6      | Paralysed by Grinder for 7 turns
  6368 | D:6      | Killed Grinder
  6369 | D:6      | Reached XP level 9. HP: 85/85 MP: 10/12
  6417 | D:6      | Reached **** piety under Beogh
  6418 | D:6      | Reached skill level 7 in Unarmed Combat
  6441 | D:6      | Found an opulent altar of Gozag.
  6446 | D:6      | Reached skill level 1 in Armour
  6506 | D:6      | Found a broken altar of Ashenzari.
  6835 | D:7      | Reached skill level 8 in Unarmed Combat
  7387 | D:7      | Found a glowing golden altar of the Shining One.
  7441 | D:7      | Found a burning altar of Makhleb.
  7737 | D:7      | Reached skill level 5 in Armour
  7897 | D:7      | Found an ornate altar of the Wu Jian Council.
  8133 | D:7      | Reached skill level 9 in Unarmed Combat
  8920 | D:8      | Found Elim's Armour Shop.
  8972 | D:8      | Found Udept's General Store.
  9419 | D:8      | Noticed a two-headed ogre
  9420 | D:8      | Found a sparkling altar of Nemelex Xobeh.
  9427 | D:8      | Killed a two-headed ogre
  9428 | D:8      | Reached skill level 5 in Dodging
  9428 | D:8      | Reached XP level 10. HP: 9/94 MP: 13/13
 10038 | D:8      | Reached skill level 5 in Invocations
 10794 | D:9      | Noticed an elephant
 10801 | D:9      | Killed an elephant
 10833 | D:9      | Reached skill level 10 in Unarmed Combat
 10947 | D:9      | Found a staircase to the Lair.
 11638 | D:9      | Reached skill level 11 in Unarmed Combat
 11794 | D:9      | Learned a level 2 spell: Passwall
 11819 | D:9      | Reached XP level 11. HP: 102/102 MP: 14/14
 11958 | Lair:1   | Entered Level 1 of the Lair of Beasts
 12323 | Lair:1   | Reached skill level 12 in Unarmed Combat
 13617 | Lair:2   | Noticed a death yak
 13617 | Lair:2   | Noticed a death yak
 13617 | Lair:2   | Noticed a death yak
 13620 | Lair:2   | Noticed a death yak
 13873 | Lair:2   | Found a staircase to the Shoals.
 13921 | Lair:2   | Reached skill level 13 in Unarmed Combat
 14140 | Lair:2   | Killed a death yak
 14151 | Lair:2   | Killed a death yak
 14152 | Lair:2   | Killed a death yak
 14156 | Lair:2   | HP: 2/102 [death yak (20)]
 14156 | Lair:2   | Killed a death yak
 14562 | Lair:2   | Reached ***** piety under Beogh
 15125 | Lair:2   | Reached XP level 12. HP: 75/110 MP: 15/15
 15417 | Lair:2   | Noticed a six-headed hydra
 15428 | Lair:2   | Killed a six-headed hydra
 15732 | Lair:2   | Reached skill level 14 in Unarmed Combat
 15875 | Lair:2   | Noticed a death yak
 15897 | Lair:2   | Killed a death yak
 15911 | Lair:2   | Noticed a seven-headed hydra
 15919 | Lair:2   | Killed a seven-headed hydra
 16023 | Lair:2   | Noticed a boulder beetle
 16031 | Lair:2   | Killed a boulder beetle
 16032 | Lair:2   | Reached skill level 15 in Unarmed Combat
 16144 | Lair:2   | Learned a level 3 spell: Ozocubu's Armour
 16180 | Lair:2   | Reached skill level 1 in Ice Magic
 17271 | Lair:3   | Gained Nordag as an ally
 17329 | Lair:3   | Found a frozen archway.
 17343 | IceCv    | Entered an ice cave
 17351 | IceCv    | HP: 2/110 [komodo dragon simulacrum (11)]
 17354 | IceCv    | Slain by a komodo dragon simulacrum

Illustrated notes

Levels and vault maps discovered:
D:1:      onia_arrival_pentagram, layout_loops_ring, serial_shops,
          nicolae_shop_hallway_stairs
D:2:      layout_basic, serial_shops, nicolae_shop_stone,
          chequers_serial_rivers_large_a, uniq_jessica
D:3:      layout_loops_ring, hellmonk_ecumenical_altar_arch_garden,
          uniq_sigmund, uniq_crazy_yiuf_cottage, uniq_robin
D:4:      gammafunk_steamed_eel, layout_loops_ring,
          mainiacjoe_overflow_surrounded_room, elyvilon_altar_4, zin_angel,
          okawaru_gym_becter, hangedman_decor_lopped, uniq_natasha
D:5:      layout_basic, minmay_temple_entry_proselytizer,
          minmay_misc_feat_rugged, serial_bayou_ford_a, guppyfry_shop_venom
D:6:      layout_cave_pools, cheibriados_altar_1, overflow_temple_1_default,
          lemuel_coloured_pillars_altar, uniq_grinder
D:7:      cheibrodos_steamvent, layout_layer_cave, tso_metal_star,
          makhleb_grotto_becter, nicolae_wu_jian_immortal_techniques,
          st_stairs_1
D:8:      minmay_polygon_palace, layout_loops_cross,
          nemelex_xobeh_ov_fountains_minmay, serial_shops,
          nicolae_stop_n_shop_1, minivault_14, nicolae_stop_n_shop_2,
          grunt_ministairs_9
D:9:      layout_gridville, david_lair_generic
Temple:   chequers_temple_sunken
Lair:1:   layout_gridlike, hangedman_lair_unloving_vines
Lair:2:   nzn_winding_woodlands_huge [nzn_winding_woodlands_5x15_pool,
          nzn_winding_woodlands_5x15_eye, nzn_winding_woodlands_5x15_parted,
          nzn_winding_woodlands_5x15_twine, nzn_winding_woodlands_5x15_default,
          nzn_winding_woodlands_5x15_zeroes,
          nzn_winding_woodlands_5x15_pathside_ponds,
          nzn_winding_woodlands_5x15_split_checker,
          nzn_winding_woodlands_5x15_jagged,
          nzn_winding_woodlands_5x15_longhouse,
          nzn_winding_woodlands_center_triple_pond,
          nzn_winding_woodlands_center_diamonds,
          nzn_winding_woodlands_15x15_five_gardens], layout_regular_city,
          kennysheep_abandoned_house
Lair:3:   layout_misc_corridors, portal_ice_cave_rime,
          infiniplex_staircase_pool_2
IceCv:    ice_cave_small_dragons

Skill      XL: |  1  2  3  4  5  6  7  8  9 10 11 12 |
---------------+-------------------------------------+-----
Unarmed Combat | 4 5 6 9 11 13 15 | 15.0
Fighting       | 5 7 9 10 11 | 11.5
Invocations    | 3 5 |  5.0
Dodging        | 3 5 7 |  7.0
Transmutations | 2 3 4 |  4.0
Spellcasting   | 2 |  2.0
Poison Magic   | 2 |  2.0
Armour         | 5 7 8 |  8.0
Ice Magic      | 3 |  3.0
Stealth        | |  1.5

Action                   |  1- 3 |  4- 6 |  7- 9 | 10-12 || total
-------------------------+-------+-------+-------+-------++-------
Melee: Unarmed           |   113 |    15 |       |   140 ||   268
       Punch             |     4 |     1 |       |    16 ||    21
       Glaive            |       |    81 |   153 |   171 ||   405
       Kick              |       |       |       |     3 ||     3
 Cast: Ozocubu's Armour  |       |       |       |     5 ||     5
       Spider Form       |       |       |       |     3 ||     3
       Beastly Appendage |       |       |       |     1 ||     1
Invok: Convert to Beogh  |       |     1 |       |       ||     1
       Recall Orcish Fol |       |       |     2 |     3 ||     5
       Smiting           |       |       |     1 |     1 ||     2
       Stop Recall       |       |       |     1 |       ||     1
       Give Item to Name |       |       |       |     2 ||     2
Evoke: Wand              |       |       |       |     2 ||     2
  Use: Scroll            |       |       |     7 |    14 ||    21
       Potion            |       |       |       |     4 ||     4
 Stab: Sleeping          |     3 |       |     3 |     5 ||    11
       Distracted        |       |       |       |     2 ||     2
Armor: Robe              |    14 |       |       |       ||    14
       Leather armour    |    13 |     6 |    44 |    17 ||    80
       Ring mail         |       |    16 |       |       ||    16
       Chain mail        |       |    14 |    56 |       ||    70
       Steam dragon scal |       |       |       |   115 ||   115
       Skin              |       |       |       |     1 ||     1
Dodge: Dodged            |    68 |    51 |   107 |   318 ||   544

Table legend: (Time is in decaauts)
 A = Elapsed time spent in this place.
 B = Non-inter-level travel time spent in this place.
 C = Inter-level travel time spent in this place.
 D = Time resting spent in this place.
 E = Time spent auto-exploring this place.
 F = Levels seen in this place.
 G = Mean time per level.
                   A        B        C        D        E       F      G
               +--------+--------+--------+--------+--------+-----+--------+
         Total |  17733 |  15956 |   1777 |   5075 |   6852 |  14 | 1266.6 |
       Dungeon |  12445 |  11131 |   1314 |   2619 |   6124 |   9 | 1382.8 |
        Temple |     92 |     88 |      4 |      0 |      0 |   1 |   92.0 |
          Lair |   5186 |   4728 |    458 |   2455 |    728 |   3 | 1728.7 |
      Ice Cave |     10 |     10 |      0 |      0 |      0 |   1 |   10.0 |
               +--------+--------+--------+--------+--------+-----+--------+

Top non-repeatable levels by time:
  Lair:2: 3388 daAuts
     D:7: 2022 daAuts
     D:8: 1794 daAuts
  Lair:1: 1587 daAuts
     D:5: 1461 daAuts
     D:9: 1446 daAuts
     D:3: 1445 daAuts
     D:1: 1314 daAuts
     D:4: 1216 daAuts
     D:2: 1029 daAuts
     D:6: 714 daAuts
  Lair:3: 210 daAuts
  Temple: 92 daAuts
   IceCv: 10 daAuts
